 Dungeon Crawl Stone Soup version 0.27-a0-1191-g601b473118 (webtiles) character file.

Game seed: 3758298082964706684

2066 tilp the Summoner (level 9, -2/68 HPs)
             Began as a Barachi Summoner on May 24, 2021.
             Was a Believer of Okawaru.
             Slain by a wyvern (8 damage)
             ... on level 8 of the Dungeon.
             The game lasted 00:15:42 (9478 turns).

tilp the Summoner (Barachi Summoner)                Turns: 9478, Time: 00:15:43

Health: -2/68      AC:  8    Str: 13    XL:     9   Next: 26%
Magic:  12/15      EV: 11    Int: 15    God:    Okawaru [**....]
Gold:   1410       SH:  0    Dex: 13    Spells: 10/16 levels left

rFire    . . .     SeeInvis .   a - +1 hand axe
rCold    . . .     Faith    .   (no shield)
rNeg     + . .     Spirit   .   o - +1 ring mail {rPois}
rPois    +         Reflect  .   (no helmet)
rElec    .         Harm     .   c - +0 cloak
rCorr    .         Rampage  .   h - +0 pair of gloves
Will     .....                  (no boots)
Stlth    ++........             A - amulet of regeneration
HPRegen  1.21/turn              q - ring of positive energy
MPRegen  0.14/turn              u - ring of wizardry

@: slow
A: amphibious, slowness 1, strong legs 1, +LOS
a: Hop, Renounce Religion, Heroism


You were on level 8 of the Dungeon.
You worshipped Okawaru.
Okawaru was pleased with you.
You visited 2 branches of the dungeon, and saw 9 of its levels.

You collected 1410 gold pieces.

Inventory:

Hand Weapons
 a - a +1 hand axe (weapon)
 b - a +0 spear
 r - a +0 trident
 x - a +0 halberd
Missiles
 i - 41 poisoned darts (quivered)
 s - a throwing net
 y - 10 boomerangs
Armour
 c - a +0 cloak (worn)
 h - a +0 pair of gloves (worn)
 o - a +1 ring mail of poison resistance (worn)
 D - +0 steam dragon scales
Jewellery
 j - a ring of fire
 q - a ring of positive energy (left hand)
 u - a ring of wizardry (right hand)
 v - the ring of Wusmau {Ice Fly Str+3}
   (You found it on level 5 of the Dungeon)

   [ring of ice]

   It enhances your ice magic.
   It affects your strength (+3).
   It makes you vulnerable to fire.
   It protects you from cold.
   It grants you flight.
 A - an amulet of regeneration (around neck)
Wands
 e - a wand of acid (5)
Scrolls
 m - a scroll of vulnerability
 t - a scroll of blinking
 B - a scroll of magic mapping
 C - a scroll of amnesia
Potions
 d - 2 potions of attraction
 f - 2 potions of haste
 g - a potion of berserk rage
 k - a potion of invisibility
 p - 2 potions of might
 z - a potion of flight
Miscellaneous
 l - a piece from Xom's chessboard (15/15)


   Skills:
 + Level 5.1 Fighting
 * Level 3.5 Polearms
 - Level 4.0 Dodging
 - Level 4.0 Stealth
 - Level 4.0 Spellcasting
 - Level 8.0 Summonings
 + Level 4.7 Invocations
 - Level 4.0 Evocations


You had 10 spell levels left.
You knew the following spells:

 Your Spells              Type           Power      Damage    Failure   Level
a - Summon Small Mammal   Summ           100%       N/A       1%          1
b - Call Imp              Summ           27%        N/A       1%          2
c - Call Canine Familiar  Summ           27%        N/A       1%          3

Your spell library contained the following spells:

 Spells                   Type           Power      Damage    Failure   Level
 Summon Guardian Golem    Hex/Summ       15%        N/A       9%          3
 Summon Ice Beast         Ice/Summ       15%        N/A       28%         4
 Summon Lightning Spire   Summ/Air       15%        N/A       28%         4
 Confusing Touch          Hex            3%         N/A       41%         3
 Gell's Gravitas          Tloc           1%         N/A       41%         3
 Petrify                  Tmut/Erth      3%         N/A       80%         4
 Metabolic Englaciation   Hex/Ice        1%         N/A       98%         5
 Yara's Violent Unravell  Hex/Tmut       1%         3d3       98%         5


Dungeon Overview and Level Annotations

Branches:
Dungeon (8/15)             Temple (1/1) D:5
   Lair: D:8-11

Altars:
Cheibriados
Elyvilon
Fedhas
Gozag
Hepliaklqana
Kikubaaqudgha
Makhleb
Nemelex Xobeh
Okawaru
Qazlal
Ru
Sif Muna
Vehumet
Wu Jian
Xom
Yredelemnul
Zin

Annotations:
D:3 2 transporters
D:6 exclusion: boulder beetle


Innate Abilities, Weirdness & Mutations

You are amphibious.
You cover ground slowly.
You can hop short distances.
You have an extended range of vision and can be seen from far away.


Message History

You hit the wyvern.
The wyvern is moderately wounded.
Your hound bites the wyvern.
The wyvern barely misses you.
Your crimson imp hits the wyvern.
Your hound misses the wyvern. The wyvern bites you.
Unknown command.
You closely miss the wyvern.
The wyvern is moderately wounded.
Your hound closely misses the wyvern.
The wyvern bites you.
Your crimson imp hits the wyvern but does no damage.
Your hound bites the wyvern.
Your crimson imp hits the wyvern.
The wyvern bites you!
Unknown command.
You are too injured to fight recklessly!
Unknown command.
You are too injured to fight recklessly!
Unknown command.
You are too injured to fight recklessly!
Unknown command.
You hit the wyvern.
The wyvern is heavily wounded.
Your hound closely misses the wyvern.
The wyvern barely misses you.
Your crimson imp hits the wyvern.
Your crimson imp barely misses the wyvern.
You closely miss the wyvern.
The wyvern is severely wounded.
Your hound completely misses the wyvern.
The wyvern bites you!
* * * LOW HITPOINT WARNING * * *
Your hound bites the wyvern.
The wyvern barely misses you.
Your crimson imp hits the wyvern but does no damage.
Your crimson imp blinks!
You hit the wyvern.
The wyvern is almost dead.
Your hound bites the wyvern.
The wyvern bites you!
* * * LOW HITPOINT WARNING * * *
Your crimson imp blinks!
Your hound bites the wyvern but does no damage.
The wyvern bites you!
You die...

... #............. .
...## ............. .
.....###............ ..
........$........# ...
.##...............# #...
.................<###....
#.#.....5......>...).....
.......h§....#.#..))...>.
#..l@....###.........
##.......##..........
#..##................
#... #....##..........
........#..........###.
#....≈..............# .
#...§§≈§...##.....#...
....≈§_≈....#.....##.#...
.....§.§§...##..... .#..#


You could see a wyvern (ally target), a friendly hound (summoned) and a friendly
crimson imp (summoned).

Vanquished Creatures
  Menkaure (D:7)
  A water moccasin (D:7)
  An ice beast (D:7)
  A necrophage (D:6)
  2 centaurs
  A phantom (D:6)
  A bullfrog (D:7)
  2 wyvern zombies (D:7)
  A howler monkey (D:7)
  2 centaur zombies
  A bullfrog zombie (D:6)
  2 hounds
  An orc priest (D:8)
  An orc wizard (D:6)
  3 gnolls
  4 adders
  2 shadow imps
  An ufetubus (D:4)
  An adder skeleton (D:4)
  2 dart slugs
  15 orcs
  4 bats
  3 endoplasms
  2 giant cockroaches
  A goblin (D:4)
  4 hobgoblins
  5 jackals
  3 kobolds
  5 quokkas
  3 ball pythons
  3 frilled lizards
  A butterfly (D:3)
80 creatures vanquished.

Vanquished Creatures (collateral kills)
  A steam dragon (D:7)
  An orc warrior (D:6)
  A black bear (D:4)
  2 necrophages
  4 ogres
  A phantom (D:5)
  A centaur (D:7)
  A wyvern zombie (D:5)
  3 scorpions
  2 bullfrog skeletons
  A hound (D:7)
  3 orc wizards
  A hound skeleton (D:4)
  A howler monkey zombie (D:6)
  5 gnolls
  2 howler monkey skeletons
  4 adders
  An ufetubus (D:7)
  A worm (D:2)
  5 orcs
  A bat (D:1)
  2 endoplasms (D:1)
  2 giant cockroaches
  2 goblins (D:1)
  4 hobgoblins
  3 jackals
  A kobold (D:2)
  2 quokkas (D:1)
  A frilled lizard (D:1)
  A rat (D:1)
60 creatures vanquished.

Vanquished Creatures (others)
  A water moccasin (D:7)
  A plant (D:3)
2 creatures vanquished.

Grand Total: 142 creatures vanquished

Notes
Turn   | Place    | Note
-------+----------+-------------------------------------------
     0 | D:1      | tilp the Barachi Summoner began the quest for the Orb.
     0 | D:1      | Reached XP level 1. HP: 13/13 MP: 3/3
   215 | D:1      | Reached skill level 1 in Fighting
   486 | D:1      | Reached XP level 2. HP: 21/22 MP: 3/5
   509 | D:1      | Learned a level 2 spell: Call Imp
   646 | D:1      | Reached skill level 5 in Summonings
  1171 | D:1      | Identified a scroll of acquirement
  1171 | D:1      | Acquired 1127 gold pieces
  1200 | D:2      | Reached XP level 3. HP: 27/27 MP: 2/6
  1783 | D:2      | Found a faded altar of an unknown god.
  1818 | D:2      | Learned a level 3 spell: Call Canine Familiar
  2530 | D:3      | Found a snail-covered altar of Cheibriados.
  2539 | D:3      | Found a transporter.
  2547 | D:3      | Found a transporter.
  2570 | D:3      | Noticed a sky beast
  2663 | D:3      | Reached XP level 4. HP: 26/33 MP: 2/8
  2740 | D:3      | Found a shimmering altar of Xom.
  3507 | D:4      | Noticed a black bear
  3645 | D:4      | Reached skill level 6 in Summonings
  3682 | D:4      | Noticed a scorpion
  3698 | D:4      | Killed a scorpion
  3699 | D:4      | Reached XP level 5. HP: 39/39 MP: 3/9
  3886 | D:4      | Noticed a necrophage
  3898 | D:4      | Killed a necrophage
  4040 | D:4      | Killed a black bear
  4041 | D:4      | Reached XP level 6. HP: 47/47 MP: 4/10
  4609 | D:5      | Entered Level 5 of the Dungeon
  5226 | D:5      | Reached skill level 1 in Evocations
  5226 | D:5      | Reached XP level 7. HP: 44/54 MP: 4/11
  5504 | D:5      | Found a staircase to the Ecumenical Temple.
  5517 | Temple   | Entered the Ecumenical Temple
  5718 | Temple   | Became a worshipper of Warmaster Okawaru
  5979 | D:5      | Found a glowing silver altar of Zin.
  5979 | D:5      | Found an opulent altar of Gozag.
  5995 | D:5      | Identified the ring of Wusmau {Ice Fly Str+3}
  6900 | D:6      | Reached XP level 8. HP: 48/60 MP: 8/13
  7151 | D:6      | Reached * piety under Okawaru
  7152 | D:6      | Reached skill level 7 in Summonings
  7339 | D:6      | Found a shimmering blue altar of Sif Muna.
  7501 | D:6      | Noticed a boulder beetle
  7519 | D:6      | Reached skill level 8 in Summonings
  7942 | D:7      | Reached skill level 1 in Invocations
  7963 | D:7      | HP: 3/60 [something/ball of steam (14)]
  8104 | D:7      | Noticed Menkaure
  8238 | D:7      | Killed Menkaure
  8426 | D:7      | Reached ** piety under Okawaru
  8610 | D:7      | Found an ornate altar of the Wu Jian Council.
  8715 | D:7      | Reached skill level 1 in Polearms
  8850 | D:7      | Reached XP level 9. HP: 60/66 MP: 10/15
  9318 | D:7      | Reached skill level 5 in Fighting
  9462 | D:8      | Found a stormy altar of Qazlal.
  9478 | D:8      | Slain by a wyvern

Illustrated notes

Levels and vault maps discovered:
D:1:      nicolae_arrival_somewhat_less_tricky_arrival, layout_rooms
D:2:      layout_loops_cross, serial_rivers, chequers_serial_rivers_room_b,
          chequers_serial_rivers_micro_b, chequers_serial_rivers_small_b,
          chequers_serial_rivers_large_a, chequers_serial_rivers_micro_c,
          chequers_serial_rivers_room_b, basic_ecumenical_altar,
          palyth_stone_intersect
D:3:      layout_rooms, xom_butterflies, gammafunk_temple_overflow_arena,
          serial_forest, infiniplex_forest_end_3,
          infiniplex_forest_clump_diagonal, infiniplex_forest_lined_3,
          infiniplex_forest_end_1, infiniplex_forest_lined_1,
          infiniplex_forest_diagonal, infiniplex_forest_lined_corner,
          infiniplex_forest_end_2, infiniplex_forest_clump_medium,
          infiniplex_forest_lined_room_
D:4:      wad_crossroads, layout_loops_ring
D:5:      layout_loops_ring, grunt_temple_overflow_gold_and_silver,
          minmay_temple_entry_statues_fountains
D:6:      kennysheep_spiral_hall, layout_loops_ring, marbit_many_paths,
          mrwooster_statue_mirror, kennysheep_nondescript, eino_tiny_chamber,
          minmay_three_doors
D:7:      kb_forest_paths, layout_basic, nzn_wu_jian_council_hall, uniq_menkaure
D:8:      layout_cave_pools, overflow_temple_1_default,
          nicolae_qazlal_scattered_showers, grunt_temple_overflow_open,
          serial_bayou_pond_c, minmay_holes
Temple:   jpeg_temple_alley_garden

Skill      XL: |  1  2  3  4  5  6  7  8  9 |
---------------+----------------------------+-----
Fighting       | 2 3 4 5 |  5.1
Summonings     | 5 6 8 |  8.0
Spellcasting   | 3 4 |  4.0
Stealth        | 2 4 |  4.0
Dodging        | 3 4 |  4.0
Evocations     | 1 4 |  4.0
Invocations    | 4 |  4.7
Polearms       | 2 3 |  3.5

Action                   |  1- 3 |  4- 6 |  7- 9 || total
-------------------------+-------+-------+-------++-------
Melee: Hand axe          |    74 |   144 |   288 ||   506
       Dagger            |     3 |       |       ||     3
       Unarmed           |     3 |       |       ||     3
Throw: Dart              |       |     1 |    11 ||    12
 Cast: Summon Small Mamm |    20 |       |       ||    20
       Call Imp          |    18 |    18 |    23 ||    59
       Call Canine Famil |       |     9 |    26 ||    35
Invok: Heroism           |       |       |     1 ||     1
 Abil: Hop               |       |       |     2 ||     2
Evoke: Wand              |       |       |     2 ||     2
  Use: Scroll            |     3 |     7 |     7 ||    17
       Potion            |       |       |     1 ||     1
 Stab: Sleeping          |     2 |     1 |     2 ||     5
       Distracted        |       |     2 |     8 ||    10
Armor: Ring mail         |    45 |    76 |   164 ||   285
       Robe              |     1 |       |       ||     1
Dodge: Dodged            |    63 |   115 |   255 ||   433

Table legend: (Time is in decaauts)
 A = Elapsed time spent in this place.
 B = Non-inter-level travel time spent in this place.
 C = Inter-level travel time spent in this place.
 D = Time resting spent in this place.
 E = Time spent auto-exploring this place.
 F = Levels seen in this place.
 G = Mean time per level.
                   A        B        C        D        E       F      G
               +--------+--------+--------+--------+--------+-----+--------+
         Total |  10593 |  10195 |    398 |   2362 |   6096 |   9 | 1177.0 |
       Dungeon |  10317 |   9954 |    363 |   2362 |   5867 |   8 | 1289.6 |
        Temple |    276 |    242 |     34 |      0 |    229 |   1 |  276.0 |
               +--------+--------+--------+--------+--------+-----+--------+

Top non-repeatable levels by time:
     D:6: 2074 daAuts
     D:1: 1547 daAuts
     D:5: 1534 daAuts
     D:4: 1492 daAuts
     D:7: 1478 daAuts
     D:2: 1106 daAuts
     D:3: 984 daAuts
  Temple: 276 daAuts
     D:8: 99 daAuts
